 Dungeon Crawl Stone Soup version 0.28.0-1-gb440e238dd (webtiles) character file.

Game seed: 4812479165213088622

49 fragbeetle the Changer (level 3, -4/28 HPs)
             Began as a Draconian Transmuter on Feb 25, 2022.
             Killed from afar by Natasha (5 damage)
             ... with a magic dart
             ... on level 2 of the Dungeon.
             The game lasted 00:01:49 (1262 turns).

fragbeetle the Changer (Draconian Transmuter)       Turns: 1262, Time: 00:01:50

Health: -4/28      AC:  2    Str: 14    XL:     3   Next: 53%
Magic:  0/6        EV: 19    Int: 13    God:
Gold:   94         SH:  0    Dex: 16    Spells: 2/6 levels left

rFire   . . .      SeeInvis .     - Unarmed
rCold   + . .      Faith    .   (shield currently unavailable)
rNeg    . . .      Spirit   .   (armour unavailable)
rPois   x          Reflect  .   (helmet currently unavailable)
rElec   .          Harm     .   (cloak currently unavailable)
rCorr   .          Rampage  .   (gloves currently unavailable)
Will    .....                   (boots currently unavailable)
Stlth   +.........              (no amulet)
HPRegen 0.09/turn               h - ring of protection from cold
MPRegen 0.10/turn               (no ring)

@: spider-form (expiring), very slightly contaminated
A: venomous fangs, AC +5, tiny, unfitting armour, (cold-blooded)
a: End Transformation


You were on level 2 of the Dungeon.
You were a venomous arachnid creature.
You visited 1 branch of the dungeon, and saw 2 of its levels.

You collected 94 gold pieces.

Inventory:

Jewellery
 h - a ring of protection from cold (left front leg)
Scrolls
 a - a scroll of magic mapping {unknown}
 b - a scroll of fog {unknown}
 d - 2 scrolls of teleportation {unknown}
 e - a scroll of identify {unknown}
Potions
 c - a potion of resistance {unknown}
 f - a potion of degeneration {unknown}
 g - a potion of heal wounds {unknown}


   Skills:
 - Level 1.1 Fighting
 - Level 1.7 Dodging
 - Level 3.0 Unarmed Combat
 - Level 2.0 Spellcasting
 + Level 4.0 Transmutations


You had 2 spell levels left.
You knew the following spells:

 Your Spells              Type           Power      Damage    Failure   Level
a - Beastly Appendage     Tmut           22%        N/A       14%         1
b - Spider Form           Tmut/Pois      6%         N/A       54%         3

Your spell library contained the following spells:

 Spells                   Type           Power      Damage    Failure   Level
 Wereblood                Tmut           11%        N/A       21%         2
 Ice Form                 Ice/Tmut       6%         N/A       88%         4


Dungeon Overview and Level Annotations

Branches:
Dungeon (2/15)

Altars:

Annotations:
D:2 Natasha, Robin


Innate Abilities, Weirdness & Mutations

You are a venomous arachnid creature.
You have poisonous fangs.
You are tiny and dextrous.
Your spellcasting is less reliable in this form.
Your armour is entirely melded.
You are incapable of wielding weapons or throwing items.
((Your plain brown scales are hard. (AC +5)))
You cannot fit into any form of body armour.
((You are cold-blooded and may be slowed by cold attacks.))


Message History

You grow a pair of large bovine horns.
Your feet morph into talons.
Natasha, Servant of Life and Death comes into view.
Natasha is nearby!
Natasha is nearby!
Your transformation is almost over.
Casting: Beastly Appendage (safe; 4% risk of failure)
Confirm with . or Enter, or press ? or * to list all spells.
The spell is extremely dangerous to miscast (32% risk of failure)!
Continue anyway?
You miscast Spider Form.
You are very lightly contaminated with residual magic.
You feel odd.
You are poisoned.
You feel sick.
Unknown command.
Casting: Spider Form (extremely dangerous; 32% risk of failure)
Confirm with . or Enter, or press ? or * to list all spells.
The spell is extremely dangerous to miscast (32% risk of failure)!
Continue anyway?
Your horns disappear.
Your talons disappear.
You turn into a venomous arachnid creature.
You feel sick.
You feel sick. Natasha claws you!
You hit Natasha.
Natasha is poisoned.
Natasha is moderately wounded.
You feel sick.
You are no longer poisoned.
Natasha claws you!
* * * LOW HITPOINT WARNING * * *
You barely miss Natasha.
Natasha is moderately wounded.
Natasha closely misses you.
You barely miss Natasha.
Natasha is moderately wounded.
Your transformation is almost over.
Natasha misses you.
Unknown command.
You hit Natasha but do no damage.
Natasha looks as sick as possible!
Natasha is moderately wounded.
Natasha casts a spell at you. The magic dart hits you.
You die...

[.....#.### # h........#.#
.# #.?#.#........
....##....#.#.#.#..#
........#.#.........
.##.##......#.#.#..#
####.#.......######
.##.#####h#.#.#.#.......
........s.#...........#
..............#.......#
...........#..#.......+
#.(#.#.#.#..##.#.......#
#..........###.........#
#.#.#.#.#.# ####......##
###.........# #........
#...#.#.#.#.######......##
#................#........


You could see Natasha (extremely poisoned).

Vanquished Creatures
  An adder (D:2)
  6 ball pythons (D:1)
  3 endoplasms (D:1)
  A giant cockroach (D:1)
  7 goblins
  A hobgoblin (D:1)
  6 jackals
  A quokka (D:1)
  6 bats
  A frilled lizard (D:1)
  2 rats
35 creatures vanquished.

Notes
Turn   | Place    | Note
-------+----------+-------------------------------------------
     0 | D:1      | fragbeetle the Draconian Transmuter began the quest for the
                  | Orb.
     0 | D:1      | Reached XP level 1. HP: 16/16 MP: 3/3
     5 | D:1      | Noticed an elephant
   192 | D:1      | Reached XP level 2. HP: 23/23 MP: 3/5
   331 | D:1      | Reached skill level 3 in Transmutations
   471 | D:1      | Noticed an anaconda
   742 | D:1      | Found a faded altar of an unknown god.
   746 | D:1      | Reached XP level 3. HP: 28/28 MP: 4/6
   750 | D:1      | Learned a level 3 spell: Spider Form
   931 | D:2      | Reached skill level 4 in Transmutations
  1004 | D:2      | Noticed Robin
  1249 | D:2      | Noticed Natasha
  1259 | D:2      | HP: 1/28 [Natasha (9)]
  1262 | D:2      | Killed from afar by Natasha

Illustrated notes

Levels and vault maps discovered:
D:1:      sevenhm_arrival_forest_fort_small_2, layout_basic,
          shapermc_ecumenical_altar_notcrosses
D:2:      minmay_evil_eye, layout_basic, serial_glass, glass_columns_c,
          glass_columns_b, glass_columns_b, glass_columns_b, glass_columns_c,
          glass_columns_a, glass_columns_b, glass_columns_a, st_stairs_14,
          columned_hall_lemuel, uniq_crazy_yiuf_cottage, uniq_natasha,
          uniq_robin

Skill      XL: |  1  2  3 |
---------------+----------+-----
Transmutations | 3 4 |  4.0
Fighting       | |  1.1
Dodging        | |  1.7
Unarmed Combat | |  3.0
Spellcasting   | |  2.0

Action                   || total
-------------------------++-------
Melee: Unarmed           ||    96
       Kick              ||    15
       Tailslap          ||    18
       Headbutt          ||     3
       Punch             ||     1
 Cast: Beastly Appendage ||    23
       Spider Form       ||     1
 Stab: Sleeping          ||     1
Armor: Skin              ||    47
Dodge: Dodged            ||    84
